Map: Lerilak Crest

Players

Deagor - Winner!

  • Race: Terran Terran

Fenix

  • Race: Protoss Protoss

VOD

Have the link to the VOD?

Description

Time

  • Played on: July 21, 2015, 6:41 p.m.
  • Length: 14:48
Show
View Real Time Build Order
Export as new Build Order

Deagor Terran - Winner!

Build Orders: MMM Bio 

Get SALT Encoding   

  12  0:01  SCV  
  13  0:13  SCV  
  14  0:17  Supply Depot  
  14  0:25  SCV  
  15  0:38  SCV  
  15  0:40  Barracks  
  16  0:51  SCV  
  17  1:00  Refinery  
  17  1:06  SCV  
  18  1:22  SCV  
  19  1:31  Supply Depot, Marine  
  20  1:35  Orbital Command  
  20  1:49  Marine  
  21  2:02  Factory  
  21  2:06  SCV  
  22  2:13  Marine  
  23  2:18  SCV  
  23  2:20  Command Center  
  24  2:31  SCV  
  25  2:40  Barracks Reactor  
  24  2:53  Widow Mine  
  26  3:05  Starport  
  26  3:17  SCV  
  27  3:23  Refinery  
  27  3:31  Widow Mine  
  27  3:33  SCV  
  30  3:34  Orbital Command  
  30  3:44  Barracks  
  30  3:47  Supply Depot, Barracks  
  30  3:51  Medivac  
  30  3:55  Engineering Bay, Orbital Command  
  32  3:57  Marine x2  
  34  4:06  Factory Tech Lab  
  34  4:12  SCV  
  35  4:17  Marine x2  
  35  4:22  SCV, Bunker  
  38  4:35  Marine x2  
  40  4:39  Siege Tank  
  40  4:42  Barracks Tech Lab  
  40  4:44  Barracks Tech Lab  
  43  4:48  Missile Turret  
  43  4:51  Missile Turret  
  43  4:52  SCV x2  
  45  5:14  Combat Shields, Stimpack  
  45  5:17  Marine x4  
  49  5:28  SCV x2  
  54  5:42  Marauder  
  54  5:43  Marauder  
  54  5:44  Terran Infantry Weapons Level 1  
  54  5:47  Supply Depot  
  54  5:54  Marine  
  54  5:55  SCV  
  54  6:07  Refinery x2  
  54  6:08  Marine  
  54  6:09  SCV x2, Medivac  
  59  6:13  Supply Depot  
  59  6:21  SCV x2  
  59  6:23  Command Center, Supply Depot  
  61  6:26  Marine  
  62  6:34  Marine x3  
  62  6:35  SCV x2, Siege Tank  
  70  6:47  SCV x2, Marine  
  72  6:52  Marine  
  72  6:54  Supply Depot  
  74  6:55  Marine x2  
  74  6:57  Supply Depot  
  74  6:59  Starport Reactor  
  76  7:05  Engineering Bay, Marine  
  77  7:11  Barracks  
  77  7:12  Barracks, Marine  
  81  7:15  Siege Tank, Concussive Shells  
  81  7:27  Marine x2  
  81  7:28  Marauder  
  85  7:34  SCV x2  
  85  7:36  Orbital Command  
  77  8:00  Marine x3  
  77  8:01  Marine, Orbital Command  
  77  8:03  Barracks Reactor x2  
  81  8:08  Siege Tank, Medivac x2  
  81  8:12  SCV x2  
  90  8:18  Terran Infantry Armor Level 1  
  90  8:27  Supply Depot  
  90  8:28  SCV x3  
  90  8:29  Supply Depot  
  90  8:30  Armory  
  93  8:34  Marine x2  
  93  8:35  Marauder  
  93  8:36  Marauder  
  93  8:40  SCV  
  100  8:43  Siege Tank  
  100  8:44  Medivac x2  
  100  8:45  Marine x2  
  109  8:48  Marine x2  
  109  8:53  Marine x2  
  109  8:54  Supply Depot  
  109  8:55  SCV x2  
  115  8:56  SCV  
  115  9:02  Refinery  
  116  9:08  Marine  
  116  9:09  Marine x3  
  120  9:10  Marauder x2  
  120  9:15  Supply Depot  
  124  9:17  Terran Infantry Weapons Level 2  
  124  9:18  Supply Depot  
  124  9:37  Marine x4  
  124  9:38  Marine x2  
  130  9:39  Command Center, Marauder x2  
  130  9:45  Supply Depot, SCV  
  134  9:46  SCV x2  
  134  9:47  Supply Depot  
  134  9:51  Refinery  
  137  9:53  Refinery, Siege Tank, Medivac x2  
  112  10:07  Marine x4  
  112  10:08  Marine x3  
  112  10:09  Marauder  
  121  10:24  SCV x3  
  121  10:25  Siege Tank, Marine x2  
  121  10:26  Medivac x2  
  122  10:54  Marine x5  
  122  10:55  Marine  
  122  10:56  Marauder x2  
  132  10:57  Orbital Command  
  132  11:04  Barracks  
  132  11:05  SCV x2, Barracks  
  134  11:17  Siege Tank  
  137  11:19  Viking x2  
  137  11:20  Marine x5  
  137  11:21  Marine  
  137  11:22  Marauder x2  
  151  11:26  Terran Infantry Armor Level 2  
  151  11:31  Terran Vehicle Weapons Level 1  
  151  11:34  Terran Infantry Weapons Level 3  
  151  11:36  Supply Depot x2  
  151  11:43  Orbital Command  
  151  11:46  Marine x2  
  151  11:47  Marine x5  
  153  11:48  Marine  
  159  11:55  SCV x3  
  159  11:58  Barracks Reactor, Barracks Tech Lab  
  141  12:22  Marine x4  
  141  12:23  Marine x3  
  141  12:24  Marine x2  
  147  12:46  Marine x2  
  147  12:47  Marine x4  
  147  12:48  Marine x4  
  147  12:50  Marauder  
  159  13:14  Marine x4  
  159  13:15  Marine x5  
  159  13:16  Marine  
  159  13:17  Marine  
  170  13:27  Siege Tank, Medivac x2  
  173  13:32  Marine  
  178  13:42  Marine x5  
  178  13:43  Marine x3  
  178  13:44  Command Center, Marauder  
  178  13:45  Marauder  
  178  13:46  Command Center  
  190  13:50  Supply Depot  
  190  13:53  Supply Depot  
  190  13:58  Refinery  
  190  13:59  Refinery  
  190  14:06  Marine x4  
  190  14:07  Marine x2  
  196  14:12  Marauder, Marine x2  
Show
View Real Time Build Order
Export as new Build Order

Fenix Protoss 

Build Orders: Zealot Archon 

Get SALT Encoding   

  12  0:10  Pylon  
  12  0:13  Probe  
  13  0:29  Gateway  
  13  0:33  Probe  
  14  0:45  Probe  
  15  0:55  Assimilator  
  15  0:57  Probe (Chrono Boost)  
  16  1:07  Probe (Chrono Boost)  
  17  1:11  Pylon  
  17  1:16  Cybernetics Core  
  17  1:17  Probe (Chrono Boost)  
  18  1:28  Probe (Chrono Boost)  
  18  1:29  Assimilator  
  19  1:34  Probe  
  20  1:53  Nexus  
  20  1:58  Probe (Chrono Boost)  
  20  2:00  Warp Gate  
  21  2:08  Probe (Chrono Boost)  
  22  2:15  Probe (Chrono Boost)  
  23  2:21  Gateway  
  23  2:27  Mothership Core (Chrono Boost)  
  25  2:30  Zealot  
  27  2:42  Gateway  
  27  2:52  Probe  
  28  3:01  Pylon  
  28  3:04  Probe (Chrono Boost)  
  29  3:09  Stalker  
  29  3:10  Zealot  
  33  3:15  Probe (Chrono Boost)  
  33  3:18  Probe (Chrono Boost)  
  35  3:24  Probe  
  35  3:26  Probe  
  37  3:31  Adept  
  39  3:36  Probe  
  40  3:50  Probe x2 (Chrono Boost)  
  42  3:59  Pylon  
  42  4:00  Probe x2 (Chrono Boost)  
  44  4:09  Probe (Chrono Boost)  
  46  4:10  Probe (Chrono Boost)  
  46  4:18  Pylon  
  46  4:20  Probe x2 (Chrono Boost)  
  48  4:28  Gateway  
  48  4:30  Twilight Council, Gateway  
  48  4:32  Gateway  
  48  4:33  Robotics Facility  
  48  4:39  Probe x2, Assimilator  
  50  4:51  Probe  
  51  4:57  Probe  
  51  4:58  Zealot  
  51  4:59  Stalker x2  
  58  5:03  Probe  
  59  5:09  Probe  
  51  5:22  Pylon  
  51  5:25  Observer (Chrono Boost)  
  44  5:30  Probe x2  
  44  5:37  Pylon  
  44  5:42  Probe x2  
  43  5:54  Probe (Chrono Boost)  
  43  5:55  Probe (Chrono Boost)  
  45  6:06  Probe (Chrono Boost)  
  45  6:07  Probe (Chrono Boost)  
  47  6:13  Probe x2 (Chrono Boost)  
  47  6:14  Forge  
  47  6:17  Pylon  
  49  6:19  Templar Archives  
  49  6:23  Probe (Chrono Boost)  
  49  6:24  Probe (Chrono Boost)  
  51  6:28  Observer  
  51  6:32  Probe x2 (Chrono Boost)  
  54  6:34  Charge (Chrono Boost)  
  54  6:40  Probe  
  54  6:43  Zealot x3  
  54  6:45  Stalker x3  
  67  6:51  Photon Cannon  
  66  6:55  Observer (Chrono Boost)  
  67  7:08  Photon Cannon  
  67  7:14  Photon Cannon  
  67  7:19  Probe x2  
  69  7:31  Probe x2  
  69  7:35  Photon Cannon  
  69  7:37  Nexus  
  71  7:43  High Templar x2  
  75  7:47  Archon  
  72  8:04  Templar Archives  
  72  8:10  Zealot x2  
  72  8:11  Zealot x2  
  80  8:16  Probe x2  
  82  8:20  Stalker x2  
  86  8:28  Probe  
  86  8:29  Probe  
  86  8:32  Psionic Storm, Zealot x2  
  86  8:33  Pylon  
  92  8:52  High Templar  
  92  8:53  High Templar  
  96  8:56  Archon  
  96  8:57  Pylon  
  96  9:18  Zealot x4  
  104  9:31  High Templar x2  
  104  9:37  Archon  
  108  9:39  Zealot x3  
  108  9:40  Zealot  
  108  9:43  Nexus  
  92  10:04  Zealot x5  
  69  10:07  Zealot  
  60  10:22  High Templar x2  
  60  10:25  Stalker x2  
  60  10:26  Stalker, Zealot  
  70  10:52  Zealot x5  
  70  10:53  Zealot  
  82  11:05  Gateway  
  82  11:07  Gateway  
  82  11:09  Gateway, Photon Cannon  
  82  11:10  Photon Cannon  
  82  11:13  Photon Cannon  
  82  11:14  Assimilator  
  82  11:15  Stalker x3  
  82  11:16  Zealot x2  
  82  11:17  Zealot  
  94  11:37  High Templar  
  94  11:38  High Templar  
  98  11:40  Stalker, Zealot  
  98  11:41  Zealot x2  
  98  11:46  Nexus  
  96  12:14  Archon  
  62  12:18  High Templar x3  
  62  12:20  Zealot x6  
  59  12:42  Zealot x3  
  59  12:43  Zealot x3  
  71  12:49  Robotics Bay  
  71  13:05  Zealot x2  
  71  13:06  Zealot x5  
  85  13:17  Nexus  
  85  13:21  Stalker x2  
  89  13:28  High Templar  
  89  13:29  High Templar  
  93  13:36  Stalker  
  93  13:37  Stalker  
  97  13:46  Assimilator  
  97  14:08  Pylon  
  97  14:09  Assimilator  
  97  14:10  Pylon  
  97  14:12  Pylon  
Tags
 
Add a new tag
Caveats
  • Supply blocks, unpowered buildings, or Contaminate may cause inaccurate times.
  • Supply counts are checked every 10 seconds.